 Dungeon Crawl Stone Soup version 0.26.1-10-gdfb7c7de75 (webtiles) character file.

Game seed: 18021358858165462791

5543 hawla the Destroyer (level 10, -2/84 HPs)
             Began as a Deep Elf Conjurer on Apr 8, 2021.
             Was a Follower of Vehumet.
             Killed from afar by an ice statue (11 damage)
             ... with a freezing blast
             ... in an ice cave.
             The game lasted 00:37:46 (11502 turns).

hawla the Destroyer (Deep Elf Conjurer)            Turns: 11502, Time: 00:37:48

Health: -2/84      AC: 25    Str:  5    XL:     10   Next: 43%
Magic:  18/26      EV:  2    Int: 26    God:    Vehumet [*.....]
Gold:   181        SH:  0    Dex: 13    Spells: 21/29 levels left

rFire    + . .     SeeInvis .   H - staff of fire
rCold    + . .     Faith    .   (no shield)
rNeg     + + +     Spirit   .   (armour currently unavailable)
rPois    +         Reflect  .   (helmet currently unavailable)
rElec    .         Harm     .   (cloak currently unavailable)
rCorr    .         Rampage  .   (gloves currently unavailable)
Will     ++...     NoTele   +   (boots currently unavailable)
Stlth    +++.......             m - amulet of the acrobat
HPRegen  0.24/turn              j - ring of willpower
MPRegen  0.20/turn              F - ring of protection from cold

@: tree-form, very slightly contaminated
A: no striking features
a: Renounce Religion


You were in an ice cave.
You worshipped Vehumet.
Vehumet was aware of your devotion.
You were a tree.
You visited 2 branches of the dungeon, and saw 11 of its levels.
You also visited: Sewer and Ice Cave.

You collected 521 gold pieces.
You spent 340 gold pieces at shops.

Inventory:

Missiles
 r - 13 boomerangs
 D - 7 javelins
 E - 57 poisoned darts
Armour
 i - a +2 robe of the Archmagi (melded)
 k - a +0 cloak (melded)
Magical Staves
 H - an uncursed staff of fire (weapon)
Jewellery
 f - an uncursed ring of flight
 g - an uncursed ring of stealth
 j - a ring of willpower (left branch)
 m - an amulet of the acrobat (around neck)
 A - an uncursed ring of wizardry
 F - a ring of protection from cold (right branch)
 J - an uncursed amulet of guardian spirit
Wands
 o - a wand of iceblast (15)
 v - a wand of flame (40)
 x - a wand of enslavement (5)
 y - a wand of paralysis (8)
 L - a wand of acid (11)
Scrolls
 a - a scroll of fear
 c - 2 scrolls of identify
 d - a scroll of magic mapping
 l - a scroll of amnesia {unknown}
 n - 2 scrolls of random uselessness {unknown}
 s - a scroll of fog {unknown}
 t - 5 scrolls of remove curse
 w - 2 scrolls of enchant weapon {unknown}
 C - 2 scrolls of immolation {unknown}
 G - a scroll of holy word {unknown}
 K - a scroll of teleportation {unknown}
Potions
 b - 2 potions of lignification
 e - 3 potions of brilliance
 h - 5 potions of curing
 p - a potion of haste
 q - a potion of flight
 z - a potion of attraction
 I - 3 potions of might


   Skills:
 - Level 3.0 Fighting
 + Level 5.9 Staves
 - Level 1.0 Throwing
 - Level 6.0 Dodging
 - Level 5.0 Stealth
 - Level 10.0 Spellcasting
 + Level 11.1 Conjurations
 - Level 4.0 Translocations
 - Level 1.0 Evocations


You had 21 spell levels left.
You knew the following spells:

 Your Spells              Type           Power        Failure   Level
a - Magic Dart            Conj           100%         1%          1
b - Searing Ray           Conj           100%         1%          2
c - Iskenderun's Mystic   Conj/Tloc      51%          1%          4
d - Foxfire               Conj/Fire      100%         1%          1

Your spell library contained the following spells:

 Spells                   Type           Power        Failure   Level
 Dazzling Flash           Conj/Hex       84%          1%          3
 Fulminant Prism          Conj/Hex       21%          4%          4
 Animate Dead             Necr           6%           41%         4
 Borgnjor's Vile Clutch   Necr/Erth      6%           77%         5
 Death Channel            Necr           6%           100%        6
 Simulacrum               Ice/Necr       6%           100%        6


Dungeon Overview and Level Annotations

Branches:
Dungeon (12/15)            Temple (1/1) D:4            Lair (0/6) D:8
  Sewer (visited)           IceCv (1/1)
    Orc: D:9-12

Altars:
Ashenzari
Cheibriados
Dithmenos
Elyvilon
Fedhas
Gozag
Hepliaklqana
Kikubaaqudgha
Makhleb
Nemelex Xobeh
Okawaru
Qazlal
Ru
Sif Muna
Trog
Uskayaw
Vehumet
Wu Jian
Xom
Yredelemnul
Zin
The Shining One

Shops:
D:6 *   D:8 :

Annotations:
D:8 can you dig it
D:9 3 runed translucent doors IceCv exclusion: 2 ice statues


Innate Abilities, Weirdness & Mutations

((Your skin changes colour to match your surroundings (Stealth+).))
((Your flesh is heat resistant. (rF+)))


Message History

The mystic blast hits the ice beast.
The ice beast is moderately wounded.
The mystic blast hits the ice beast.
The ice beast is lightly wounded.
The ice beast is knocked back by the mystic blast.
The mystic blast hits the ice beast!
You kill the ice beast!
The mystic blast hits the ice beast!
The ice beast is severely wounded.
The ice beast is knocked back by the mystic blast.
The ice beast collides with the ice beast!
You kill the ice beast! x2
Casting: Iskenderun's Mystic Blast (dangerous; 1% risk of failure)
Confirm with . or Enter, or press ? or * to list all spells.
You erupt in a blast of force!
The mystic blast hits the ice beast!
The ice beast is heavily wounded.
The ice beast is knocked back by the mystic blast.
The ice statue gestures at you. The freezing blast engulfs you! You resist.
You die...

############# #######
##.Y..8#.)[..## ##.....#
#......#).....###......#
.......#.......#.......#
.......#.......#.......#
.......♣..........∩..∩.#
.......#.......#.......#
.......#.......#.......#
#...Y..#......###......#
##....8#.[...## ##.....#
############# #######


You could see 2 ice statues and 2 ice beasts.

Vanquished Creatures
  A two-headed ogre (D:9)
  An ugly thing (IceCv)
  Sigmund (D:5)
  2 orc warriors
  9 ice beasts
  2 sky beasts
  A necrophage (D:6)
  2 centaurs (D:9)
  5 ogres
  A wolf (D:6)
  8 bullfrogs
  2 gnoll sergeants (D:6)
  2 scorpions
  A centaur zombie (D:8)
  A bullfrog zombie (D:5)
  7 orc priests
  A jelly (D:6)
  Crazy Yiuf (D:2)
  4 gnoll shamans
  5 hounds
  6 orc wizards
  3 bullfrog skeletons
  A centaur skeleton (D:8)
  2 iguanas
  5 worker ants
  A hound skeleton (D:4)
  18 gnolls
  18 adders
  A shadow imp (D:8)
  12 white imps (D:12)
  An ufetubus (D:6)
  2 adder skeletons
  4 worms (D:6)
  3 dart slugs
  9 leopard geckos
  44 orcs
  6 ball pythons
  8 giant cockroaches
  4 goblins
  10 hobgoblins
  11 jackals
  5 quokkas
  7 bats
  12 frilled lizards
  A jackal skeleton (D:5)
  14 kobolds
  A quokka skeleton (D:7)
  10 rats
276 creatures vanquished.

Vanquished Creatures (others)
  An orc wizard (D:12)
  A jackal zombie (D:8)
  3 foxfires (IceCv)
  2 fungi (D:2)
  A plant (D:4)
8 creatures vanquished.

Grand Total: 284 creatures vanquished

Notes
Turn   | Place    | Note
-------+----------+-------------------------------------------
     0 | D:1      | hawla the Deep Elf Conjurer began the quest for the Orb.
     0 | D:1      | Reached XP level 1. HP: 10/10 MP: 6/6
   263 | D:1      | Reached XP level 2. HP: 15/15 MP: 2/8
   266 | D:1      | Learned a level 2 spell: Searing Ray
   872 | D:1      | Reached XP level 3. HP: 20/20 MP: 6/9
  1209 | D:2      | Noticed an angel
  1219 | D:2      | Found a glowing silver altar of Zin.
  1392 | D:2      | Found a shimmering altar of Xom.
  1408 | D:2      | Found a basalt altar of Yredelemnul.
  1415 | D:2      | Reached skill level 1 in Fighting
  1425 | D:2      | Reached XP level 4. HP: 18/25 MP: 2/11
  1430 | D:2      | Learned a level 4 spell: Iskenderun's Mystic Blast
  1822 | D:2      | Found a transporter.
  1875 | D:2      | Found a sparkling altar of Nemelex Xobeh.
  1886 | D:2      | Found a transporter.
  2008 | D:2      | Reached skill level 5 in Conjurations
  2187 | D:2      | Found a runed translucent door.
  2188 | D:2      | Noticed Crazy Yiuf
  2195 | D:2      | Killed Crazy Yiuf
  2196 | D:2      | Reached XP level 5. HP: 7/29 MP: 7/13
  3855 | D:3      | Reached XP level 6. HP: 34/34 MP: 12/15
  4061 | D:4      | Gained mutation: Your flesh is heat resistant. (rF+)
                  | [potion of mutation]
  4061 | D:4      | Gained mutation: Your skin changes colour to match your
                  | surroundings (Stealth+). [potion of mutation]
  4077 | D:4      | Reached skill level 5 in Spellcasting
  4421 | D:2      | Reached skill level 5 in Dodging
  4732 | D:4      | Reached skill level 6 in Conjurations
  4808 | D:4      | Found a staircase to the Ecumenical Temple.
  4826 | Temple   | Entered the Ecumenical Temple
  5283 | D:5      | Entered Level 5 of the Dungeon
  5283 | D:5      | Noticed an ice beast
  5286 | D:5      | Killed an ice beast
  5287 | D:5      | Reached XP level 7. HP: 38/38 MP: 12/18
  5560 | D:5      | Reached skill level 7 in Conjurations
  5711 | D:5      | Reached skill level 1 in Staves
  5711 | D:5      | Reached skill level 1 in Throwing
  5711 | D:5      | Reached skill level 1 in Translocations
  5711 | D:5      | Reached skill level 1 in Evocations
  5830 | D:5      | Noticed Sigmund
  5836 | D:5      | Killed Sigmund
  5837 | D:5      | Reached XP level 8. HP: 44/44 MP: 11/19
  6059 | D:5      | Found an iron altar of Okawaru.
  6327 | D:6      | Found a glowing drain.
  6333 | Sewer    | Entered a sewer
  7148 | D:6      | Reached skill level 8 in Conjurations
  7430 | D:6      | Reached skill level 9 in Conjurations
  7525 | D:6      | Reached XP level 9. HP: 31/48 MP: 18/23
  7793 | D:6      | Reached skill level 10 in Conjurations
  7997 | D:6      | Found Touje's Assorted Antiques.
  8565 | D:6      | Found a sacrificial altar of Ru.
  8566 | D:6      | Found a shadowy altar of Dithmenos.
  8568 | D:6      | Found a bloodstained altar of Trog.
  8608 | D:7      | Found an ornate altar of the Wu Jian Council.
  8818 | D:7      | Found a snail-covered altar of Cheibriados.
  8818 | D:7      | Found an iron altar of Okawaru.
  8822 | D:7      | Found a stormy altar of Qazlal.
  9159 | D:7      | Got a ruby-encrusted leather armour
  9187 | D:7      | Got a transparent hand axe
  9188 | D:7      | Identified the +6 hand axe of Ikonyt {freeze, rF+ rC+
                  | Stlth+} (You found it on level 7 of the Dungeon)
  9190 | D:7      | Identified the +1 leather armour of Wojur {rF+} (You found
                  | it on level 7 of the Dungeon)
  9252 | D:6      | Bought a scroll of identify for 36 gold pieces
  9252 | D:6      | Bought a metal-bound book for 270 gold pieces
  9252 | D:6      | Bought a wand of flame (13) for 18 gold pieces
  9252 | D:6      | Bought a fizzy golden potion for 16 gold pieces
  9498 | D:8      | Found Unuuthra's Book Boutique.
  9689 | D:8      | Found a shimmering blue altar of Sif Muna.
  9855 | D:8      | Found a staircase to the Lair.
  9997 | D:8      | Found a radiant altar of Vehumet.
 10059 | D:8      | Became a worshipper of Vehumet
 10211 | D:9      | Reached skill level 5 in Stealth
 10630 | D:9      | Found a runed translucent gate.
 10630 | D:9      | Found a runed translucent gate.
 10630 | D:9      | Found a runed translucent gate.
 10952 | D:9      | Noticed a two-headed ogre
 10959 | D:9      | Killed a two-headed ogre
 10960 | D:9      | Reached XP level 10. HP: 56/56 MP: 18/25
 11136 | D:9      | You fall into a shaft and drop 3 floors!
 11162 | D:12     | Found a frozen archway.
 11169 | D:12     | Reached * piety under Vehumet
 11169 | D:12     | Offered knowledge of Foxfire by Vehumet.
 11173 | D:12     | Reached skill level 5 in Staves
 11189 | D:12     | Learned a level 1 spell: Foxfire
 11239 | IceCv    | Entered an ice cave
 11262 | IceCv    | Reached skill level 11 in Conjurations
 11410 | IceCv    | Noticed a white ugly thing
 11411 | IceCv    | Noticed an ice statue
 11411 | IceCv    | Noticed an ice statue
 11427 | IceCv    | Killed a white ugly thing
 11428 | IceCv    | Reached skill level 10 in Spellcasting
 11496 | IceCv    | HP: 3/84 [ice statue/freezing blast (3)]
 11498 | IceCv    | HP: 1/84 [ice statue] (3)]
 11502 | IceCv    | Killed from afar by an ice statue

Illustrated notes

Levels and vault maps discovered:
D:1:      dpeg_arrival_three_same_balls, layout_basic, minmay_misc_feat_alley
D:2:      layout_basic, grunt_temple_overflow_order_and_chaos_1,
          yredelemnul_altar_generic, gammafunk_temple_overflow_arena,
          uniq_crazy_yiuf_cottage
D:3:      layout_basic
D:4:      layout_gridville, minmay_temple_entry_stoned_glass,
          serial_bayou_pond_c
D:5:      layout_rooms, okawaru_metal_pillars_1_2, uniq_sigmund
D:6:      layout_cave_pools, minitemple, serial_gnoll_camp,
          gnoll_camp_mini_shop, gnoll_camp_mini_house, gnoll_camp_huts_basic,
          gnoll_camp_mini_hut, lightli_sewer_entry_pipes,
          roderic_serpentine_path, minmay_microvault
D:7:      layout_rooms, chequers_temple_overflow_statue_of_worship, basic_altar
D:8:      layout_gridville, fiery_altar_vehumet, nicolae_overflow_crystal_walls,
          lair_entry_dummy, serial_shops, kennysheep_mini_moat,
          due_unseen_surprise
D:9:      layout_small_grid, kennysheep_orc_monster_closet_entryway,
          gammafunk_ghost_icy
D:12:     layout_irregular_city, portal_ice_cave_entry_imps,
          minmay_unpleasant_kobolds
Temple:   cyrus_temple_forest
IceCv:    ice_cave_statue_garden_chambered

Skill      XL: |  1  2  3  4  5  6  7  8  9 10 |
---------------+-------------------------------+-----
Stealth        | 3 4 5 |  5.0
Dodging        | 3 4 5 6 |  6.0
Fighting       | 1 2 3 |  3.0
Spellcasting   | 4 6 8 9 10 | 10.0
Conjurations   | 5 6 7 9 10 11 | 11.1
Staves         | 1 3 4 5 |  5.9
Throwing       | 1 |  1.0
Translocations | 2 3 4 |  4.0
Evocations     | 1 |  1.0

Action                   |  1- 3 |  4- 6 |  7- 9 | 10-12 || total
-------------------------+-------+-------+-------+-------++-------
Melee: Unarmed           |       |     1 |       |       ||     1
       Quarterstaff      |       |    11 |    38 |       ||    49
       Staff             |       |       |    40 |     7 ||    47
 Cast: Magic Dart        |    37 |    25 |    27 |     1 ||    90
       Searing Ray       |    12 |    61 |    87 |    10 ||   170
       Iskenderun's Myst |       |     2 |    21 |    14 ||    37
       Foxfire           |       |       |       |     2 ||     2
 Abil: Stop Flying       |       |       |     1 |       ||     1
       Evoke Flight      |       |       |     1 |       ||     1
Evoke: Wand              |       |       |     1 |       ||     1
  Use: Scroll            |     3 |     6 |     8 |     1 ||    18
       Potion            |       |     1 |       |     4 ||     5
 Stab: Sleeping          |       |       |     1 |       ||     1
Armor: Robe              |     2 |     5 |    21 |     7 ||    35
       Skin              |       |       |       |     7 ||     7
Dodge: Dodged            |     5 |    36 |   128 |    29 ||   198
